NCAA
GEORGETOWN HOYAS @ MINNESOTA GOLDEN GOPHERS
05/08/2023
 
TOP OF THE 1ST
Georgetown Hoyas batting - Pitching for Minnesota Golden Gophers : LHP Nick Clayton
Pitching: LHP Nick Clayton
Batting: LHB Tim Rose 0-0: Swinging Strike
0-1: Ball
1-1: Ball
2-1: Ball
3-1: SINGLE (Groundball, 34)
Batting: SHB Jeffrey MacNeill 0-0: Ball
1-0: Foul Ball, location: 2F
1-1: Ball
2-1: Fly out, F9 (Flyball, 89S)
Batting: LHB Miguel Barrón 0-0: Ball
1-0: DOUBLE (Popup, 56D)
Tim Rose to third
Batting: RHB Ron King 0-0: Ball
1-0: Called Strike
1-1: Ball
2-1: Fly out, F7 (Line Drive, 78M)
Batting: LHB Alan McGilroy 0-0: Called Strike
0-1: Foul Ball, location: 2F
0-2: Ball
1-2: Foul Ball, location: 2F
1-2: Foul Ball, location: 2F
1-2: Foul Ball, location: 2F
1-2: Ball
2-2: Ground out 3-1 (Groundball, 34S)
Top of the 1st over - 0 run(s), 2 hit(s), 0 error(s), 2 left on base; Georgetown 0 - Minnesota 0
BOTTOM OF THE 1ST
Minnesota Golden Gophers batting - Pitching for Georgetown Hoyas : RHP Iván Márquez
Pitching: RHP Iván Márquez
Batting: RHB Carlos López 0-0: Foul Ball, location: 2F
0-1: SINGLE (Groundball, 56)
Batting: RHB Mike Brooks 0-0: Swinging Strike
0-1: Ball
1-1: Ball
2-1: Grounds into double play, 4-6-3 (Groundball, 4)
Batting: RHB David Strickland 0-0: Called Strike
0-1: Called Strike
0-2: Ball
1-2: Foul Ball, location: 2F
1-2: SOLO HOME RUN (Flyball, 78XD), Distance : 371 ft
Batting: RHB Charlie O'Farrell 0-0: Ball
1-0: Foul Ball, location: 2F
1-1: Fly out, F4 (Popup, 3)
Bottom of the 1st over - 1 run(s), 2 hit(s), 0 error(s), 0 left on base; Georgetown 0 - Minnesota 1
TOP OF THE 2ND
Georgetown Hoyas batting - Pitching for Minnesota Golden Gophers : LHP Nick Clayton
Batting: RHB Gilberto Ferrer 0-0: Ball
1-0: Called Strike
1-1: Foul Ball, location: 2F
1-2: Foul Ball, location: 2F
1-2: Foul Ball, location: 2F
1-2: Ground out 6-3 (Groundball, 6D)
Batting: RHB John Stewart 0-0: Called Strike
0-1: Ball
1-1: Ball
2-1: Ball
3-1: Swinging Strike
3-2: Strikes out swinging
Batting: LHB José De La Cruz 0-0: Ball
1-0: Swinging Strike
1-1: Ball
2-1: Ground out 6-3 (Groundball, 6)
Top of the 2nd over - 0 run(s), 0 hit(s), 0 error(s), 0 left on base; Georgetown 0 - Minnesota 1
BOTTOM OF THE 2ND
Minnesota Golden Gophers batting - Pitching for Georgetown Hoyas : RHP Iván Márquez
Batting: RHB Brady McIntyre 0-0: Fly out, F4 (Popup, 4D)
Batting: LHB Matt Murphy 0-0: Ball
1-0: Ball
2-0: Ground out U3 (Groundball, 3)
Batting: RHB Esteban Ayala 0-0: Called Strike
0-1: Ball
1-1: Foul Ball, location: 2F
1-2: Ball
2-2: Strikes out swinging
Bottom of the 2nd over - 0 run(s), 0 hit(s), 0 error(s), 0 left on base; Georgetown 0 - Minnesota 1
TOP OF THE 3RD
Georgetown Hoyas batting - Pitching for Minnesota Golden Gophers : LHP Nick Clayton
Batting: SHB Edward Weber 0-0: Fly out, F3 (Popup, 3F)
Batting: LHB Tim Rose 0-0: Foul Ball, location: 2F
0-1: Ground out 1-3 (Groundball, 25)
Batting: SHB Jeffrey MacNeill 0-0: Ball
1-0: Ball
2-0: Ball
3-0: Foul Ball, location: 2F
3-1: SINGLE (Line Drive, 34D)
Batting: LHB Miguel Barrón 0-0: Ball
1-0: Ball
2-0: Called Strike
2-1: Ball
3-1: SINGLE (Groundball, 34D)
Jeffrey MacNeill to second
Runner from 2nd tries for 3rd, SAFE, throw made to third
Batting: RHB Ron King 0-0: Ball
1-0: Ball
2-0: SINGLE (Line Drive, 7LM)
Jeffrey MacNeill scores
Miguel Barrón to second
Batting: LHB Alan McGilroy 0-0: Called Strike
0-1: Ball
1-1: Swinging Strike
1-2: Strikes out swinging
Top of the 3rd over - 1 run(s), 3 hit(s), 0 error(s), 2 left on base; Georgetown 1 - Minnesota 1
BOTTOM OF THE 3RD
Minnesota Golden Gophers batting - Pitching for Georgetown Hoyas : RHP Iván Márquez
Batting: RHB Ben Lund 0-0: Called Strike
0-1: Ball
1-1: Called Strike
1-2: Ball
2-2: Fly out, F4 (Popup, 34D)
Batting: LHB Ramón López 0-0: SOLO HOME RUN (Flyball, 78XD), Distance : 362 ft
Batting: RHB Carlos López 0-0: Ball
1-0: Ball
2-0: Called Strike
2-1: Ground out 6-3 (Groundball, 6)
Batting: RHB Mike Brooks 0-0: Swinging Strike
0-1: Swinging Strike
0-2: Foul Ball, location: 2F
0-2: Strikes out looking
Bottom of the 3rd over - 1 run(s), 1 hit(s), 0 error(s), 0 left on base; Georgetown 1 - Minnesota 2
TOP OF THE 4TH
Georgetown Hoyas batting - Pitching for Minnesota Golden Gophers : LHP Nick Clayton
Batting: RHB Gilberto Ferrer 0-0: Called Strike
0-1: Ball
1-1: Ball
2-1: Swinging Strike
2-2: Strikes out swinging
Batting: RHB John Stewart 0-0: Called Strike
0-1: Ball
1-1: SINGLE (Line Drive, 8LS)
Batting: LHB José De La Cruz 0-0: Ball
1-0: Ball
2-0: Ball
3-0: Called Strike
3-1: Fly out, F7 (Line Drive, 78M)
Batting: SHB Edward Weber 0-0: Ball
1-0: Foul Ball, location: 2F
1-1: Ball
2-1: Foul Ball, location: 2F
2-2: Foul Ball, location: 2F
2-2: Ball
John Stewart is caught stealing 2nd base
Top of the 4th over - 0 run(s), 1 hit(s), 0 error(s), 0 left on base; Georgetown 1 - Minnesota 2
BOTTOM OF THE 4TH
Minnesota Golden Gophers batting - Pitching for Georgetown Hoyas : RHP Iván Márquez
Batting: RHB David Strickland 0-0: Ball
1-0: Called Strike
1-1: Foul Ball, location: 2F
1-2: Fly out, F8 (Popup, 89S)
Batting: RHB Charlie O'Farrell 0-0: Ball
1-0: Called Strike
1-1: Swinging Strike
1-2: Ball
2-2: Foul Ball, location: 2F
2-2: Strikes out swinging
Batting: RHB Brady McIntyre 0-0: Called Strike
0-1: Swinging Strike
0-2: Foul Ball, location: 2F
0-2: Ball
1-2: Strikes out swinging
Bottom of the 4th over - 0 run(s), 0 hit(s), 0 error(s), 0 left on base; Georgetown 1 - Minnesota 2
TOP OF THE 5TH
Georgetown Hoyas batting - Pitching for Minnesota Golden Gophers : LHP Nick Clayton
Batting: SHB Edward Weber 0-0: Ball
1-0: Ball
2-0: Ball
3-0: Base on Balls
Pitching: LHP Marc Sizemore
Batting: LHB Tim Rose 0-0: Called Strike
0-1: Ball
1-1: Swinging Strike
1-2: Strikes out swinging
Batting: SHB Jeffrey MacNeill 0-0: Ball
1-0: Ball
2-0: Ball
3-0: Called Strike
3-1: Foul Ball, location: 2F
3-2: Base on Balls
Edward Weber to second
Batting: LHB Miguel Barrón 0-0: Called Strike
0-1: Called Strike
0-2: Foul Ball, location: 2F
0-2: Strikes out swinging
Batting: RHB Ron King 0-0: Called Strike
0-1: Ball
1-1: Ground out 5-3 (Groundball, 5L)
Top of the 5th over - 0 run(s), 0 hit(s), 0 error(s), 2 left on base; Georgetown 1 - Minnesota 2
BOTTOM OF THE 5TH
Minnesota Golden Gophers batting - Pitching for Georgetown Hoyas : RHP Iván Márquez
Batting: LHB Matt Murphy 0-0: Called Strike
0-1: Swinging Strike
0-2: Strikes out swinging
Batting: RHB Esteban Ayala 0-0: Ball
1-0: Swinging Strike
1-1: Ball
2-1: Fly out, F5 (Line Drive, 5)
Batting: RHB Ben Lund 0-0: Foul Ball, location: 2F
0-1: Ball
1-1: Called Strike
1-2: Fly out, F9 (Flyball, 9LS)
Bottom of the 5th over - 0 run(s), 0 hit(s), 0 error(s), 0 left on base; Georgetown 1 - Minnesota 2
TOP OF THE 6TH
Georgetown Hoyas batting - Pitching for Minnesota Golden Gophers : LHP Marc Sizemore
Batting: LHB Alan McGilroy 0-0: Ball
1-0: Called Strike
1-1: Ball
2-1: Ball
3-1: Base on Balls
Batting: RHB Gilberto Ferrer 0-0: Ball
1-0: Called Strike
1-1: Ball
2-1: Ball
3-1: SINGLE (Line Drive, 7M)
Alan McGilroy to second
Pitching: RHP Salvador Gómez
Batting: RHB John Stewart 0-0: Ball
1-0: Called Strike
1-1: Foul Ball, location: 2F
1-2: Strikes out swinging
Batting: LHB José De La Cruz 0-0: Ball
1-0: Ball
2-0: Ball
3-0: Base on Balls
Alan McGilroy to third
Gilberto Ferrer to second
Batting: SHB Edward Weber 0-0: Called Strike
0-1: Fly out, F7 (Flyball, 7S)
Batting: LHB Tim Rose 0-0: Ball
1-0: Ball
2-0: Foul Ball, location: 2F
2-1: Swinging Strike
2-2: Foul Ball, location: 2F
2-2: Foul Ball, location: 2F
2-2: Fly out, F7 (Popup, 5DF)
Top of the 6th over - 0 run(s), 1 hit(s), 0 error(s), 3 left on base; Georgetown 1 - Minnesota 2
BOTTOM OF THE 6TH
Minnesota Golden Gophers batting - Pitching for Georgetown Hoyas : RHP Iván Márquez
Batting: LHB Ramón López 0-0: Swinging Strike
0-1: Ball
1-1: Swinging Strike
1-2: Strikes out swinging
Batting: RHB Carlos López 0-0: Ball
1-0: Ball
2-0: Ball
3-0: Fly out, F7 (Flyball, 7M)
Batting: RHB Mike Brooks 0-0: SINGLE (Line Drive, 34)
Batting: RHB David Strickland 0-0: Ball
1-0: Swinging Strike
1-1: Foul Ball, location: 2F
1-2: Strikes out swinging
Bottom of the 6th over - 0 run(s), 1 hit(s), 0 error(s), 1 left on base; Georgetown 1 - Minnesota 2
TOP OF THE 7TH
Georgetown Hoyas batting - Pitching for Minnesota Golden Gophers : RHP Salvador Gómez
Batting: SHB Jeffrey MacNeill 0-0: Ball
1-0: Ball
2-0: Called Strike
2-1: Foul Ball, location: 2F
2-2: Strikes out swinging
Batting: LHB Miguel Barrón 0-0: Ball
1-0: Called Strike
1-1: Called Strike
1-2: Strikes out looking
Batting: RHB Ron King 0-0: Ball
1-0: Ball
2-0: Ball
3-0: Base on Balls
Batting: LHB Alan McGilroy 0-0: Called Strike
0-1: Foul Ball, location: 2F
0-2: Foul Ball, location: 2F
0-2: Ball
1-2: Ball
2-2: Ball
3-2: Base on Balls
Ron King to second
Batting: RHB Gilberto Ferrer 0-0: Called Strike
0-1: SINGLE (Groundball, 4MD)
Ron King to third
Alan McGilroy to second
Runner from 3rd tries for Home, SAFE, no throw or cutoff
Batting: RHB John Stewart 0-0: Fly out, F8 (Flyball, 8RS)
Top of the 7th over - 1 run(s), 1 hit(s), 0 error(s), 2 left on base; Georgetown 2 - Minnesota 2
BOTTOM OF THE 7TH
Minnesota Golden Gophers batting - Pitching for Georgetown Hoyas : RHP Iván Márquez
Batting: RHB Charlie O'Farrell 0-0: Foul Ball, location: 2F
0-1: Ball
1-1: Ball
2-1: Fly out, F8 (Flyball, 8RM)
Pitching: LHP José Hernández
Batting: RHB Brady McIntyre 0-0: Ball
1-0: Swinging Strike
1-1: Fly out, F4 (Popup, 4)
Batting: LHB Matt Murphy 0-0: Called Strike
0-1: Called Strike
0-2: Ground out 1-3 (Groundball, 13)
Bottom of the 7th over - 0 run(s), 0 hit(s), 0 error(s), 0 left on base; Georgetown 2 - Minnesota 2
TOP OF THE 8TH
Georgetown Hoyas batting - Pitching for Minnesota Golden Gophers : RHP Salvador Gómez
Pitching: RHP David Dean
Batting: LHB José De La Cruz 0-0: Foul Ball, location: 2F
0-1: Swinging Strike
0-2: Strikes out looking
Batting: SHB Edward Weber 0-0: Ball
1-0: Ball
2-0: Ball
3-0: Called Strike
3-1: Base on Balls
Batting: LHB Tim Rose 0-0: Foul Ball, location: 2F
0-1: Ball
1-1: Foul Ball, location: 2F
1-2: Ball
2-2: Strikes out looking
Batting: SHB Jeffrey MacNeill 0-0: SINGLE (Flyball, 8LM)
Edward Weber to second
Batting: LHB Miguel Barrón 0-0: Ball
1-0: Foul Ball, location: 2F
1-1: SINGLE (Line Drive, 34D)
Edward Weber to third
Jeffrey MacNeill to second
Batting: RHB Ron King 0-0: Ball
1-0: Called Strike
1-1: Ball
2-1: Foul Ball, location: 2F
2-2: SINGLE (Groundball, 4D)
Edward Weber scores
Jeffrey MacNeill to third
Miguel Barrón to second
Runner from 3rd tries for Home, SAFE, no throw or cutoff
Batting: LHB Alan McGilroy 0-0: SINGLE (Flyball, 8RS)
Miguel Barrón to third
Ron King to second
Runner from 3rd tries for Home, SAFE, no throw or cutoff
Pitching: LHP Roger Glass
Batting: RHB Gilberto Ferrer 0-0: Ball
1-0: Ground out 5-3 (Groundball, 5)
Top of the 8th over - 3 run(s), 4 hit(s), 0 error(s), 2 left on base; Georgetown 5 - Minnesota 2
BOTTOM OF THE 8TH
Minnesota Golden Gophers batting - Pitching for Georgetown Hoyas : LHP José Hernández
Batting: RHB Esteban Ayala 0-0: Called Strike
0-1: Ball
1-1: Called Strike
1-2: Ball
2-2: Foul Ball, location: 2F
2-2: Strikes out swinging
Batting: RHB Ben Lund 0-0: Foul Ball, location: 2F
0-1: Foul Ball, location: 2F
0-2: Ball
1-2: Foul Ball, location: 2F
1-2: Ball
2-2: Ground out 4-3 (Groundball, 34)
Batting: LHB Ramón López 0-0: Ground out 6-3 (Groundball, 6)
Bottom of the 8th over - 0 run(s), 0 hit(s), 0 error(s), 0 left on base; Georgetown 5 - Minnesota 2
TOP OF THE 9TH
Georgetown Hoyas batting - Pitching for Minnesota Golden Gophers : LHP Roger Glass
Batting: RHB John Stewart 0-0: Fly out, F9 (Flyball, 9LM)
Batting: LHB José De La Cruz 0-0: Called Strike
0-1: Fly out, F7 (Line Drive, 78M)
Batting: SHB Edward Weber 0-0: Called Strike
0-1: Fly out, F8 (Flyball, 8LS)
Top of the 9th over - 0 run(s), 0 hit(s), 0 error(s), 0 left on base; Georgetown 5 - Minnesota 2
BOTTOM OF THE 9TH
Minnesota Golden Gophers batting - Pitching for Georgetown Hoyas : LHP José Hernández
Pitching: RHP Joe Morgan
Now at C: Emmett Kinch
Batting: RHB Carlos López 0-0: Ground out 6-3 (Groundball, 6)
Batting: RHB Mike Brooks 0-0: Ball
1-0: Swinging Strike
1-1: Swinging Strike
1-2: Strikes out swinging
Batting: RHB David Strickland 0-0: Ball
1-0: Foul Ball, location: 2F
1-1: Swinging Strike
1-2: Strikes out swinging
Bottom of the 9th over - 0 run(s), 0 hit(s), 0 error(s), 0 left on base; Georgetown 5 - Minnesota 2
This league is powered by Out of the Park Baseball, the baseball management simulation game for PC, Mac and Linux
Wednesday, December 2nd, 2015 - OOTP Baseball 16.8 Build 38